 Dungeon Crawl Stone Soup version 0.24-a0-84-g25a2d9f (webtiles) character file.

Game seed: 526425761555986271

1650 TurdBurger the Slicer (level 8, -6/65 (66) HPs)
             Began as a Minotaur Monk on Feb 7, 2019.
             Was a Believer of Wu Jian.
             Killed from afar by a centaur (14 damage)
             ... with a wand of acid (4)
             ... on level 7 of the Dungeon.
             The game lasted 00:10:04 (7474 turns).

TurdBurger the Slicer (Minotaur Monk)               Turns: 7474, Time: 00:10:05

HP:   -6/65 (66)    AC: 11    Str: 18    XL:     8   Next: 67%
MP:   7/7           EV:  8    Int:  7    God:    Wu Jian [**....]
Gold: 288           SH:  4    Dex: 13    Spells: 6/7 levels left

rFire    . . .     SeeInvis .   o - +2 dagger (pain)
rCold    . . .     Gourm    .   d - +0 buckler
rNeg     . . .     Faith    .   A - +0 chain mail
rPois    .         Spirit   .   G - +0 hat
rElec    .         Reflect  .   (no cloak)
rCorr    .         Harm     .   (no gloves)
MR       .....                  m - +0 pair of boots
Stlth    ..........             (no amulet)
HPRegen  0.20/turn              (no ring)
MPRegen  0.10/turn              (no ring)

@: no status effects
A: retaliatory headbutt, horns 2
a: Wall Jump, Renounce Religion


You were on level 7 of the Dungeon.
You worshipped Wu Jian.
Wu Jian was pleased with you.
You were hungry.

You visited 2 branches of the dungeon, and saw 8 of its levels.

You collected 288 gold pieces.

Inventory:

Hand Weapons
 a - a +0 short sword
 o - a +2 dagger of pain (weapon)
 p - a +0 spear
Missiles
 j - 4 tomahawks of dispersal (quivered)
 q - 2 tomahawks
Armour
 b - a +0 robe
 d - a +0 buckler (worn)
 m - a +0 pair of boots (worn)
 n - a +0 ring mail
 A - a +0 chain mail (worn)
 G - a +0 hat (worn)
Jewellery
 v - an uncursed ring of fire
 J - an uncursed amulet of the gourmand {unknown}
Scrolls
 f - 2 scrolls of remove curse {unknown}
 g - 2 scrolls of teleportation {unknown}
 i - 2 scrolls of enchant armour {unknown}
 k - a scroll of fog {unknown}
 r - 4 scrolls of identify {unknown}
 s - 2 scrolls of immolation {unknown}
 u - a scroll of amnesia {unknown}
 w - 2 scrolls of enchant weapon {unknown}
 y - 4 scrolls of random uselessness {unknown}
 H - a scroll of acquirement {unknown}
 I - a scroll of blinking {unknown}
Potions
 e - 4 potions of invisibility {unknown}
 h - 2 potions of haste {unknown}
 l - a potion of degeneration {unknown}
 t - a potion of curing {unknown}
 x - a potion of cancellation {unknown}
 z - a potion of heal wounds {unknown}
 B - 2 potions of agility {unknown}
 C - 2 potions of ambrosia {unknown}
 D - a potion of mutation {unknown}
 E - a potion of resistance {unknown}
Comestibles
 c - 14 rations


   Skills:
 - Level 3.7 Fighting
 + Level 10.1 Short Blades
 + Level 7.2 Armour
 - Level 3.2 Dodging
 - Level 1.5 Stealth
 + Level 3.1 Shields


You had 6 spell levels left.
You knew the following spells:

 Your Spells              Type           Power        Failure   Level  Hunger
a - Confusing Touch       Hex            #.....       99%         1    ##.....

Your spell library contained the following spells:

 Spells                   Type           Power        Failure   Level  Hunger
 Confuse                  Hex            #.......     100%        3    ####...
 Gell's Gravitas          Tloc           #.........   100%        3    ####...
 Petrify                  Tmut/Erth      #.......     100%        4    #####..
 Metabolic Englaciation   Hex/Ice        #.........   100%        5    ######.
 Yara's Violent Unravell  Hex/Tmut       #.........   100%        5    ######.


Dungeon Overview and Level Annotations

Branches:
Dungeon (7/15)             Temple (1/1) D:5

Altars:
Cheibriados
Elyvilon
Gozag
Hepliaklqana
Nemelex Xobeh
Okawaru
Ru
Sif Muna
Trog
Vehumet
Wu Jian
Yredelemnul
Zin
The Shining One

Annotations:
D:4 exclusion: downstairs
D:5 2 transporters, buskinjo's ghost, amateur DsGl
D:7 Harold


Innate Abilities, Weirdness & Mutations

You reflexively headbutt those who attack you in melee.
You have a pair of horns on your head.


Message History

The centaur hits you but does no damage.
You see here a throwing net.
You spin and attack the centaur repeatedly.
You hit the centaur.
The centaur is lightly wounded.
You hit the centaur but do no damage.
The centaur is lightly wounded.
The centaur zaps a wand.
The bolt of acid misses you.
Unknown command.
You spin and attack the centaur repeatedly.
You hit the centaur.
The centaur is moderately wounded.
You hit the centaur but do no damage.
The centaur is moderately wounded.
The centaur hits you.
* * * LOW HITPOINT WARNING * * *
The ogre hits you with a cursed +0 giant spiked club!
* * * LOW HITPOINT WARNING * * *
The centaur zaps a wand.
The bolt of acid hits you!
You die...

##......#...###.#
#.............#.###
............#.....#
.........###.....###
.....#....##.(.....#
#....##............#
.....####...#......##
......# #.###.......#
......# #.. ##..@..##
......##....#.oOc...#
...†......>.#...@$.(#
.###.................#
..#
#.<.....#....##...#
.........##.###...
..... ...........
#.......###
......<.... #.... ...
....###.... ..# #...


You could see Harold, an ogre, a centaur (pinned) and an orc.

Vanquished Creatures
  Prince Ribbit (D:7)
  2 sky beasts
  An ice beast (D:5)
  3 ogres
  A necrophage (D:6)
  A centaur (D:6)
  3 wights (D:6)
  A howler monkey (D:5)
  3 crimson imps
  A bullfrog zombie (D:5)
  3 hounds
  An orc priest (D:7)
  An iguana (D:5)
  3 worker ants
  15 adders
  3 gnolls (D:2)
  An adder skeleton (D:6)
  3 worms
  4 dart slugs
  3 leopard geckos
  8 orcs
  5 giant cockroaches
  7 goblins
  8 hobgoblins
  2 jackals (D:4)
  2 quokkas
  2 ball pythons
  9 bats
  4 frilled lizards
  A jackal zombie (D:5)
  3 kobolds
  A leopard gecko skeleton (D:7)
  A quokka zombie (D:5)
  5 rats
112 creatures vanquished.

Vanquished Creatures (others)
  A goblin (D:1)
1 creature vanquished.

Grand Total: 113 creatures vanquished

Notes
Turn   | Place    | Note
-------+----------+-------------------------------------------
     0 | D:1      | TurdBurger the Minotaur Monk began the quest for the Orb.
     0 | D:1      | Reached XP level 1. HP: 19/19 MP: 0/0
   123 | D:1      | Reached XP level 2. HP: 16/27 MP: 1/1
   457 | D:1      | Reached skill level 4 in Short Blades
  1037 | D:2      | Reached XP level 3. HP: 12/33 MP: 2/2
  1267 | D:2      | Reached skill level 5 in Short Blades
  1646 | D:2      | Reached XP level 4. HP: 37/40 MP: 3/3
  1829 | D:2      | Found a glowing golden altar of the Shining One.
  1972 | D:2      | Reached skill level 6 in Short Blades
  2283 | D:3      | Reached XP level 5. HP: 45/46 MP: 4/4
  3161 | D:4      | Reached skill level 7 in Short Blades
  3421 | D:4      | Reached skill level 1 in Armour
  3421 | D:4      | Reached XP level 6. HP: 50/52 MP: 5/5
  3527 | D:4      | Found a sacrificial altar of Ru.
  3530 | D:4      | Found an iron altar of Okawaru.
  4339 | D:5      | Entered Level 5 of the Dungeon
  4344 | D:5      | Noticed an ice beast
  4411 | D:5      | Reached skill level 8 in Short Blades
  4448 | D:5      | Killed an ice beast
  4448 | D:5      | Reached skill level 1 in Shields
  4448 | D:5      | Reached XP level 7. HP: 39/58 MP: 6/6
  4587 | D:5      | Found a staircase to the Ecumenical Temple.
  4599 | Temple   | Entered the Ecumenical Temple
  4816 | Temple   | Became a worshipper of the Wu Jian Council
  4816 | Temple   | Reached * piety under Wu Jian
  4816 | Temple   | Reached ** piety under Wu Jian
  4956 | D:5      | Found a transporter.
  4957 | D:5      | Noticed buskinjo's ghost (amateur DsGl)
  4970 | D:5      | Found a transporter.
  5244 | D:5      | Learned a level 1 spell: Confusing Touch
  5273 | D:5      | Reached skill level 9 in Short Blades
  5962 | D:6      | Reached XP level 8. HP: 40/66 MP: 7/7
  6174 | D:6      | Reached skill level 5 in Armour
  7079 | D:7      | Noticed Prince Ribbit
  7098 | D:7      | Killed Prince Ribbit
  7243 | D:6      | Reached skill level 10 in Short Blades
  7462 | D:7      | Noticed Harold
  7474 | D:7      | Killed from afar by a centaur

Levels and vault maps discovered:

Skill      XL: |  1  2  3  4  5  6  7  8 |
---------------+-------------------------+-----
Short Blades   | 4 5 6 7 8 9 10 | 10.1
Armour         | 1 2 4 7 |  7.2
Shields        | 1 2 3 |  3.1
Fighting       | |  3.7
Dodging        | |  3.2
Stealth        | |  1.5

Action                   |  1- 3 |  4- 6 |  7- 9 || total
-------------------------+-------+-------+-------++-------
Melee: Short sword       |    69 |    87 |       ||   156
       Headbutt          |     9 |    40 |    43 ||    92
       Dagger            |       |   115 |   238 ||   353
Invok: Lunge             |       |       |    14 ||    14
       Whirlwind         |       |       |    12 ||    12
 Stab: Sleeping          |     6 |       |       ||     6
  Eat: Chunk             |     2 |     9 |     9 ||    20
Armor: Robe              |     7 |       |       ||     7
       Ring mail         |     3 |    46 |       ||    49
       Chain mail        |       |    25 |    52 ||    77
Dodge: Dodged            |    28 |    81 |    22 ||   131
Block: Buckler           |     2 |    18 |    23 ||    43

Table legend:
 A = Non-vault XP
 B = Vault XP
 C = Vault XP percentage of total XP
 D = Non-vault monster count
 E = Vault monster count
 F = Vault count percentage of total count
                 A         B        C        D         E       F
            +---------+---------+-------+---------+---------+-------
      Total |    2101 |     257 |  10.9 |     110 |       2 |   1.8
            +---------+---------+-------+---------+---------+-------
        D:1 |      27 |       2 |   6.9 |      17 |       1 |   5.6
        D:2 |     140 |       0 |   0.0 |      22 |       0 |   0.0
        D:3 |     107 |       0 |   0.0 |      23 |       0 |   0.0
        D:4 |     258 |       0 |   0.0 |      12 |       0 |   0.0
        D:5 |     660 |       0 |   0.0 |      15 |       0 |   0.0
        D:6 |     811 |       0 |   0.0 |      16 |       0 |   0.0
        D:7 |      98 |     255 |  72.2 |       5 |       1 |  16.7
            +---------+---------+-------+---------+---------+-------
